 Dungeon Crawl Stone Soup version 0.19-a0-1903-gead39cf (console) character file.

4590 ChaseSP the Spear-Bearer (level 10, -8/71 HPs)
             Began as a Merfolk Gladiator on Oct 21, 2016.
             Was a Priest of Okawaru.
             Mangled by a hill giant
             ... wielding a +0 giant club
              (14 damage)
             ... on level 9 of the Dungeon.
             The game lasted 00:17:54 (7696 turns).

ChaseSP the Spear-Bearer (Merfolk Gladiator)        Turns: 7696, Time: 00:17:54

Health: -8/71      AC: 18    Str: 16    XL:     10   Next: 41%
Magic:  10/10      EV: 12    Int: 10    God:    Okawaru [***...]
Gold:   512        SH:  0    Dex: 17    Spells: 0 memorised, 9 levels left

rFire  . . .     SeeInvis .     a - +0 trident
rCold  + . .     Gourm    .     I - +3 chain mail {rC+}
rNeg   . . .     Faith    .     (no shield)
rPois  .         Spirit   .     r - +2 helmet
rElec  .         Reflect  .     s - +1 cloak
rCorr  .         Harm     .     (no gloves)
MR     .....     Clarity  +     (no boots)
Stlth  ..........               m - amulet of regeneration
                                E - ring of wizardry
                                y - +2 ring of intelligence

@: no status effects
A: change form in water, swift swim, stealthy swim, clarity
a: Heroism, Renounce Religion


You were on level 9 of the Dungeon.
You worshipped Okawaru.
Okawaru was most pleased with you.
You were not hungry.

You visited 1 branch of the dungeon, and saw 9 of its levels.

You collected 512 gold pieces.

Inventory:

Hand Weapons
 a - a +0 trident (weapon)
Missiles
 d - 3 throwing nets (quivered)
Armour
 r - a +2 helmet (worn)
 s - a +1 cloak (worn)
 I - a +3 chain mail of cold resistance (worn)
Jewellery
 j - an uncursed amulet of magic regeneration
 m - an amulet of regeneration (around neck)
 y - a +2 ring of intelligence (left hand)
 z - an uncursed amulet of faith
 E - a ring of wizardry (right hand)
 Q - an uncursed ring of magical power
Wands
 g - a wand of slowing (13/48)
 M - a wand of iceblast (4/15)
 O - a wand of flame (19/48)
 U - a wand of flame (28/48)
Scrolls
 c - 2 scrolls of immolation {unknown}
 e - 7 scrolls of remove curse
 h - a scroll of noise {unknown}
 o - 2 scrolls of blinking {unknown}
 v - 2 scrolls of enchant armour {unknown}
 w - 3 scrolls of teleportation {unknown}
 F - 2 scrolls of amnesia {unknown}
 J - 2 scrolls of identify
 S - a scroll of fear {unknown}
 T - a scroll of brand weapon {unknown}
 V - a scroll of magic mapping {unknown}
Potions
 b - 2 potions of curing {unknown}
 i - a potion of lignification
 k - 2 potions of brilliance
 t - a potion of invisibility {unknown}
 u - a potion of flight {unknown}
 x - a potion of resistance {unknown}
 A - 2 potions of agility {unknown}
 B - 2 potions of cure mutation {unknown}
 H - a potion of heal wounds {unknown}
 K - a potion of might {unknown}
Books
 D - a Young Poisoner's Handbook

   Spells                             Type                      Level
   a - Sting                          Conjuration/Poison           1
   b - Mephitic Cloud                 Conjuration/Poison/Air       3
   c - Olgreb's Toxic Radiance        Poison                       4
   d - Alistair's Intoxication        Transmutation/Poison         5
   e - Venom Bolt                     Conjuration/Poison           5
 L - a book of Minor Magic

   Spells                             Type                      Level
   a - Magic Dart                     Conjuration                  1
   b - Blink                          Translocation                2
   c - Call Imp                       Summoning                    2
   d - Repel Missiles                 Charms/Air                   2
   e - Slow                           Hexes                        2
   f - Conjure Flame                  Conjuration/Fire             3
   g - Mephitic Cloud                 Conjuration/Poison/Air       3
 N - a book of Maledictions

   Spells                             Type                      Level
   a - Corona                         Hexes                        1
   b - Ensorcelled Hibernation        Hexes/Ice                    2
   c - Confuse                        Hexes                        3
   d - Tukima's Dance                 Hexes                        3
   e - Dazzling Spray                 Conjuration/Hexes            3
 P - a book of Conjurations

   Spells                             Type                      Level
   a - Magic Dart                     Conjuration                  1
   b - Searing Ray                    Conjuration                  2
   c - Dazzling Spray                 Conjuration/Hexes            3
   d - Fulminant Prism                Conjuration/Hexes            4
   e - Iskenderun's Mystic Blast      Conjuration                  4
   f - Iskenderun's Battlesphere      Conjuration/Charms           5
 R - a book of Air

   Spells                             Type                      Level
   a - Shock                          Conjuration/Air              1
   b - Swiftness                      Charms/Air                   2
   c - Repel Missiles                 Charms/Air                   2
   d - Static Discharge               Conjuration/Air              3
   e - Lightning Bolt                 Conjuration/Air              5
Comestibles
 f - 8 bread rations
 l - 6 fruits
 n - 6 chunks of flesh
 p - 3 meat rations
 q - a slice of pizza
 C - 2 royal jellies
 G - 7 beef jerkies


   Skills:
 - Level 4.1 Fighting
 - Level 14.1 Polearms
 - Level 2.0 Throwing
 - Level 5.6 Armour
 + Level 10.5 Dodging


You had 9 spell levels left.
You didn't know any spells.

Dungeon Overview and Level Annotations

Branches:
Dungeon (9/15)             Temple (0/1) D:7
   Lair: D:8-11         Orc: D:9-12

Altars:
Cheibriados
Gozag
Hepliaklqana
Makhleb
Okawaru
Ru
Xom
Yredelemnul
Zin
The Shining One


Innate Abilities, Weirdness & Mutations

You revert to your normal form in water.
You are very nimble and swift while swimming.
You are very stealthy in the water. (Stealth+)
You possess an exceptional clarity of mind.


Message History

The hill giant is severely wounded.
The hill giant hits you with a giant club!!
You hit the hill giant but do no damage.
The hill giant is severely wounded.
You puncture the hill giant!
The hill giant is severely wounded.
The hill giant hits you with a giant club!!
* * * LOW HITPOINT WARNING * * *
You are too injured to fight recklessly!
You are too injured to fight recklessly!
You are too injured to fight recklessly!
You are too injured to fight recklessly!
You puncture the hill giant!
The hill giant is almost dead.
You hit the hill giant.
The hill giant is almost dead.
You hit the hill giant but do no damage.
The hill giant is almost dead.
The hill giant hits you with a giant club!
You die...

#...............................
#.......######.(................
#.......# #..................
#.......# #<.................
#.......# #..(...............
#.......# #..................
#.......# #.(................
#.......# #.C......y......รท..
#.......# #.@................
#.......# #..................
#.......######............>.....
#...............................
#.............................(.
################################


You could see a hill giant and a killer bee (wandering).

Vanquished Creatures
  The ghost of Indrix the Destroyer, a novice OpCj of Vehumet (D:8)
  A hornet (D:9)
  4 hippogriffs
  2 black bears
  2 sky beasts
  2 orc warriors
  An ice beast (D:8)
  A phantom (D:4)
  6 ogres
  A centaur (D:8)
  A crocodile (D:7)
  A big kobold (D:7)
  4 bullfrogs
  2 scorpions
  3 killer bees
  A howler monkey (D:5)
  3 crimson imps
  6 hounds
  2 centaur skeletons
  4 iguanas
  4 orc priests
  A bullfrog skeleton (D:5)
  8 orc wizards
  Jessica (D:2)
  3 worker ants
  2 hound zombies
  A hound skeleton (D:6)
  3 worker ant zombies (D:6)
  Robin (D:2)
  3 gnolls (D:8)
  6 adders
  A shadow imp (D:6)
  An adder skeleton (D:8)
  2 adder zombies
  3 worms
  A dart slug (D:2)
  7 leopard geckos
  17 orcs
  A ball python (D:1)
  9 bats
  5 giant cockroaches
  14 hobgoblins
  8 jackals
  15 kobolds
  A quokka (D:8)
  5 frilled lizards
  17 goblins
  A quokka skeleton (D:5)
  A quokka zombie (D:9)
  10 rats
200 creatures vanquished.

Notes
Turn   | Place    | Note
-------+----------+-------------------------------------------
     0 | D:1      | ChaseSP the Merfolk Gladiator began the quest for the Orb.
     0 | D:1      | Reached XP level 1. HP: 16/16 MP: 1/1
    65 | D:1      | Reached skill level 5 in Polearms
    87 | D:1      | Reached XP level 2. HP: 21/22 MP: 2/2
   555 | D:1      | Reached XP level 3. HP: 27/27 MP: 3/3
   584 | D:1      | Reached skill level 6 in Polearms
   680 | D:2      | Noticed Jessica
   688 | D:2      | Killed Jessica
   688 | D:2      | Reached XP level 4. HP: 26/33 MP: 4/4
   691 | D:2      | Reached skill level 7 in Polearms
   799 | D:1      | You fall through a shaft!
  1101 | D:2      | Noticed Robin
  1127 | D:2      | Killed Robin
  1644 | D:2      | Reached skill level 8 in Polearms
  1690 | D:2      | Reached XP level 5. HP: 38/38 MP: 5/5
  1765 | D:2      | Found a faded altar of an unknown god.
  2398 | D:3      | Reached skill level 9 in Polearms
  2455 | D:3      | Gained mutation: You possess an exceptional clarity of mind. [potion of beneficial mutation]
  2659 | D:3      | Reached XP level 6. HP: 43/44 MP: 6/6
  2790 | D:4      | Noticed a phantom
  2826 | D:4      | Killed a phantom
  2826 | D:4      | Reached skill level 10 in Polearms
  2866 | D:4      | Found a sacrificial altar of Ru.
  2991 | D:4      | Reached XP level 7. HP: 36/50 MP: 7/7
  3082 | D:4      | Reached skill level 11 in Polearms
  3586 | D:5      | Entered Level 5 of the Dungeon
  3670 | D:5      | Reached skill level 12 in Polearms
  3720 | D:5      | Found a shimmering altar of Xom.
  3722 | D:5      | Found a glowing golden altar of the Shining One.
  4039 | D:6      | Found a snail-covered altar of Cheibriados.
  4073 | D:6      | Reached XP level 8. HP: 56/56 MP: 8/8
  4133 | D:6      | Reached skill level 13 in Polearms
  4448 | D:6      | Reached skill level 14 in Polearms
  4886 | D:7      | Reached skill level 1 in Armour
  5135 | D:7      | Found an iron altar of Okawaru.
  5145 | D:7      | Became a worshipper of Warmaster Okawaru
  5369 | D:7      | Found a glowing silver altar of Zin.
  5369 | D:7      | Found a burning altar of Makhleb.
  5370 | D:7      | Noticed a balrug
  5370 | D:7      | Noticed an angel
  5389 | D:7      | Found a staircase to the Ecumenical Temple.
  5400 | D:7      | Reached XP level 9. HP: 50/61 MP: 9/9
  5468 | D:7      | Reached skill level 5 in Dodging
  5737 | D:8      | Found a shimmering altar of Xom.
  5838 | D:8      | Reached * piety under Okawaru
  6174 | D:8      | Noticed Indrix's ghost (novice OpCj)
  6186 | D:8      | Killed Indrix's ghost
  6186 | D:8      | Reached ** piety under Okawaru
  6186 | D:8      | Reached skill level 5 in Armour
  6355 | D:8      | Found a basalt altar of Yredelemnul.
  6359 | D:8      | Found an opulent altar of Gozag.
  6381 | D:8      | Found a hazy altar of Hepliaklqana.
  6627 | D:8      | You fall through a shaft!
  6695 | D:9      | Noticed a hill giant
  6826 | D:9      | Reached XP level 10. HP: 71/71 MP: 10/10
  7081 | D:8      | Reached *** piety under Okawaru
  7498 | D:9      | Reached skill level 10 in Dodging
  7562 | D:9      | Paralysed by a hornet for 1 turns
  7696 | D:9      | Mangled by a hill giant

Vault maps used:
D:1:      mrwooster_arrival_statue_2
D:2:      kennysheep_goblin_castle, ecumenical_altar_1, supply_closet_lemuel,
          uniq_jessica
D:4:      lemuel_upstairs_altar, nicolae_ru_the_path_less_chosen
D:5:      nicolae_overflow_hidden_temple, first_bread, minmay_misc_feat_doors
D:6:      cheibriados_altar_1
D:7:      black_bear_nest_2, grunt_temple_overflow_order_and_chaos_2,
          grunt_ogre_cave, okawaru_ov_weapons_minmay
D:8:      minmay_overflow_temple_star_quad, basic_altar, minmay_strange_pillars,
          minivault_24

Skill      XL: |  1  2  3  4  5  6  7  8  9 10 |
---------------+-------------------------------+-----
Polearms       | 5 6 8 9 10 12 14 | 14.1
Armour         | 3 5 |  5.6
Dodging        | 7 10 | 10.5
Fighting       | 3 4 |  4.1
Throwing       | |  2.0

Action                   |  1- 3 |  4- 6 |  7- 9 | 10-12 || total
-------------------------+-------+-------+-------+-------++-------
Melee: Trident           |    87 |   239 |   502 |   213 ||  1041
       Punch             |       |       |       |     1 ||     1
Throw: Throwing net      |       |       |       |     2 ||     2
Invok: Heroism           |       |       |       |     1 ||     1
  Use: Scroll            |       |     4 |     2 |     1 ||     7
       Potion            |       |     1 |     2 |       ||     3
 Stab: Sleeping          |     2 |     3 |     1 |       ||     6
  Eat: Chunk             |       |     6 |    13 |     3 ||    22
Armor: Leather armour    |    15 |    37 |    23 |       ||    75
       Ring mail         |       |     7 |       |       ||     7
       Chain mail        |       |       |    93 |    83 ||   176
       Skin              |       |       |    43 |       ||    43
Dodge: Dodged            |    43 |   130 |   157 |   124 ||   454
